AoeStats
← The best osu on airplane

Nomad

508895983Analyzed
2v2 RM · 9d ago on Sep 24, 2026· 32m 28s· 4 players
Game mode
Random Map
Map size
176×176
Population
200
Speed
Normal
Resources
Standard
Victory
Conquest
Starting age
Dark Age
Ending age
Imperial Age
RankedLock teamsTeams togetherTeam positionsShared explorationLock speedFull tech treeHidden civsTurbo modeCheats
Victory
Defeat
🇻🇳 Poles · Vietnam
576
+10
🇻🇺 Cumans · Vanuatu
549
+10
🇮🇸 Britons · Iceland
430
-10
🇮🇳 Huns · India
429
-10
The best osu on airplane
4:57 Loom
14:35 Feudal Age
18:46 Forging
19:05 Scale Barding Armor
19:36 Double-Bit Axe
20:11 Bloodlines
21:59 Horse Collar
25:09 Wheelbarrow
24:20 Town Watch
29:38 Castle Age
28:42 Gold Mining
30:11 Fletching
32:03 Husbandry
32:50 Hand Cart
SirSlothalot778
6:05 Loom
18:28 Feudal Age
21:13 Double-Bit Axe
24:21 Castle Age
23:45 Town Watch
33:00 Imperial Age
resignorwin
7:20 Loom
15:39 Feudal Age
21:01 Castle Age
21:26 Double-Bit Axe
21:23 Horse Collar
22:56 Wheelbarrow
22:50 Fletching
24:19 Ballistics
26:23 Heavy Plow
26:39 Gold Mining
26:39 Stone Mining
28:48 Bow Saw
lilythebirddog
4:38 Loom
17:59 Feudal Age
23:14 Castle Age
23:35 Fletching
23:46 Padded Archer Armor
28:20 Bodkin Arrow
30:14 Leather Archer Armor
31:58 Forging
31:54 Scale Barding Armor
Connection lost

Rejoining the realm…

Still unreachable

The connection could not be restored.

Session expired

The server has moved on; the page needs a fresh start.